 Dungeon Crawl Stone Soup version 0.29.0-4-gdea44cf6ec (webtiles) character file.

Game seed: 16383483740397269759

71 qw the Chopper (level 4, 0/28 HPs)
             Began as a Gargoyle Fighter on Sept 8, 2022.
             Slain by an orc wizard
             ... wielding a +0 dagger
              (2 damage)
             ... on level 3 of the Dungeon.
             The game lasted 00:00:56 (2254 turns).

qw the Chopper (Gargoyle Fighter)                   Turns: 2254, Time: 00:00:57

Health: 0/28       AC: 10    Str: 22    XL:     4   Next: 24%
Magic:  4/4        EV:  9    Int:  8    God:
Gold:   134        SH:  0    Dex:  9    Spells: 3/3 levels left

rFire   . . .      SeeInvis .   Y - +1 war axe
rCold   . . .      Faith    .   l - +2 buckler
rNeg    + . .      Spirit   .   b - +0 scale mail
rPois   inf        Reflect  .   (no helmet)
rElec   +          Harm     .   (no cloak)
rCorr   .          Rampage  .   (no gloves)
Will    .....                   (no boots)
Stlth   ..........              (no amulet)
HPRegen 0.09/turn               (no ring)
MPRegen 0.09/turn               (no ring)

@: confused
A: sickness immunity, AC +3, negative energy resistance 1, electricity
resistance, torment resistance 1, petrification resistance
a: no special abilities


You were on level 3 of the Dungeon.
You visited 1 branch of the dungeon, and saw 3 of its levels.

You collected 134 gold pieces.


Innate Abilities, Weirdness & Mutations

You are immune to sickness and miasma.
Your stone body is resilient. (AC +3)
You are immune to poison.
You resist negative energy. (rN+)
You are resistant to electric shocks. (rElec)
You are resistant to unholy torment.
You are immune to petrification.


   Skills:
 - Level 3.2 Fighting
 + Level 4.0 Axes
 - Level 3.2 Armour
 - Level 3.2 Shields


You had 3 spell levels left.
You didn't know any spells.
Your spell library was empty.

Inventory:

Hand Weapons
 a - a +2 whip of flaming
 Y - a +1 war axe (weapon)
Armour
 b - a +0 scale mail (worn)
 l - a +2 buckler (worn)
Scrolls
 e - a scroll of identify
Potions
 d - a potion of might
 g - a potion of invisibility {unknown}
 h - a potion of curing {unknown}
 i - 2 potions of haste {unknown}
 k - a potion of mutation {unknown}
 m - a potion of heal wounds {unknown}
 n - a potion of degeneration {unknown}

Dungeon Overview and Level Annotations

Branches:
Dungeon (3/15)

Altars:


Message History

There is a strange disturbance nearby!
You feel less confused.
Something hits you but does no damage. x2
You completely miss something. You miss something.
Something hits you but does no damage. Something hits you.
You miss something. x2
Something hits you but does no damage. Something hits you.
Something hits you but does no damage. x2
You miss something. x2
You hear some strange, mumbled words.
You are confused.
Something hits you but does no damage.
You're too confused to attack without stumbling around!
You start resting.
There is a strange disturbance nearby!
You hear some strange, mumbled words.
A puff of flame appears from out of thin air!
The puff of flame hits you. Something hits you but does no damage.
You're too confused to attack without stumbling around!
You start resting.
There is a strange disturbance nearby!
Something hits you. Something hits you but does no damage.
You're too confused to attack without stumbling around!
You start resting.
There is a strange disturbance nearby!
Something hits you but does no damage.
You hear some strange, mumbled words.
You are more confused.
You're too confused to attack without stumbling around!
You start resting.
There is a strange disturbance nearby!
You hear some strange, mumbled words.
A puff of flame appears from out of thin air!
The puff of flame hits you but does no damage.
Something hits you but does no damage.
You're too confused to attack without stumbling around!
You start resting.
There is a strange disturbance nearby!
Something hits you.
You die...

####.# #.#
.....# #.#
###### #.#
#.# #.#
#.# #.#
#.###
#@..#
#).{)..#
#...###<.#
#.. ..# #>
... ..
..## . ..#
...


There were no monsters in sight!

Vanquished Creatures
  An adder (D:2)
  2 dart slugs (D:1)
  2 orcs (D:3)
  4 ball pythons
  6 bats
  6 endoplasms (D:1)
  2 giant cockroaches (D:1)
  4 goblins
  9 hobgoblins
  4 kobolds
  3 quokkas
  3 frilled lizards (D:1)
  2 rats (D:1)
48 creatures vanquished.

Notes
Turn   | Place    | Note
-------+----------+-------------------------------------------
     0 | D:1      | qw the Gargoyle Fighter began the quest for the Orb.
     0 | D:1      | Reached XP level 1. HP: 14/14 MP: 1/1
     0 | D:1      | 0 ||| qw: Version: 0.1-a-112-g44dc6cd
     0 | D:1      | 0 ||| qw: Game counter: 6870
     0 | D:1      | 0 ||| qw: Always use a shield: true
     0 | D:1      | 0 ||| qw: God list: Okawaru
     0 | D:1      | 0 ||| qw: Allow faded altars: false
     0 | D:1      | 0 ||| qw: Do Orc after D:15 true
     0 | D:1      | 0 ||| qw: Do second Lair branch before Depths: true
     0 | D:1      | 0 ||| qw: Lair rune preference: random
     0 | D:1      | 0 ||| qw: Plans: Normal, Zot, God:TSO, Crypt, Tomb, Zig,
                  | Orb
     0 | D:1      | 0 ||| PLANNING D:1-11
    83 | D:1      | Reached skill level 2 in Axes
    92 | D:1      | Reached XP level 2. HP: 17/19 MP: 2/2
   321 | D:1      | 321 ||| Stepping ~*~*~tactically~*~*~ (stealth).
   379 | D:1      | 379 ||| Stepping ~*~*~tactically~*~*~ (hiding).
   383 | D:1      | 383 ||| Stepping ~*~*~tactically~*~*~ (hiding).
   556 | D:1      | Reached skill level 3 in Axes
   559 | D:1      | 559 ||| Stepping ~*~*~tactically~*~*~ (stealth).
   571 | D:1      | Reached XP level 3. HP: 19/23 MP: 3/3
  1142 | D:1      | 1142 ||| READING scroll labelled XURY ES MEVOC.
  1143 | D:1      | 1143 ||| READING scroll labelled KEINGIAFUNN.
  1144 | D:1      | 1144 ||| READING scroll labelled HIORUUC POFI.
  1145 | D:1      | 1145 ||| READING scroll labelled QAWUAPOCIE.
  1146 | D:1      | 1146 ||| READING scroll labelled ZERPHE NONELU FEEH.
  1490 | D:2      | Reached XP level 4. HP: 28/28 MP: 4/4
  1529 | D:2      | 1529 ||| DROPPING +0 club.
  1565 | D:2      | Found a faded altar of an unknown god.
  1927 | D:2      | 1927 ||| UPGRADING to +2 buckler.
  1937 | D:2      | 1937 ||| DROPPING +0 buckler.
  1938 | D:2      | 1938 ||| READING scroll labelled COSIRCHASTREE.
  1941 | D:2      | 1941 ||| READING scroll labelled JEFRIA ULEM.
  2096 | D:3      | 2096 ||| Stepping ~*~*~tactically~*~*~ (stealth).
  2111 | D:3      | 2111 ||| DROPPING +0 mace.
  2119 | D:3      | 2119 ||| Stepping ~*~*~tactically~*~*~ (stealth).
  2120 | D:3      | 2120 ||| Stepping ~*~*~tactically~*~*~ (stealth).
  2228 | D:3      | 2228 ||| Stepping ~*~*~tactically~*~*~ (hiding).
  2238 | D:3      | Reached skill level 4 in Axes
  2247 | D:3      | HP: 7/28 [something (1)]
  2250 | D:3      | HP: 2/28 [something/puff of flame (3)]
  2254 | D:3      | Slain by an orc wizard

Levels and vault maps discovered:
D:1:      spicycebolla_arrival_xxxplode, layout_loops_ring, minmay_tromino_i2
D:2:      layout_basic, hellmonk_ecumenical_altar_lost_god
D:3:      layout_loops_ring, nemelex_xobeh_ov_fountains_minmay,
          chequers_hall_statues_y, lightli_corner_chamber, uniq_grinder

Skill      XL: |  1  2  3  4 |
---------------+-------------+-----
Axes           | 2 3 4 |  4.0
Fighting       | |  3.2
Armour         | |  3.2
Shields        | |  3.2

Action                   |  1- 3 |  4- 6 || total
-------------------------+-------+-------++-------
Melee: War axe           |   116 |    30 ||   146
  Use: Scroll            |     5 |     2 ||     7
Armor: Scale mail        |    61 |    24 ||    85
Dodge: Dodged            |    45 |    10 ||    55
Block: Buckler           |    26 |    10 ||    36

Table legend:
 A = Non-vault XP
 B = Vault XP
 C = Vault XP percentage of total XP
 D = Non-vault monster count
 E = Vault monster count
 F = Vault count percentage of total count
                 A         B        C        D         E       F
            +---------+---------+-------+---------+---------+-------
      Total |      98 |       4 |   3.9 |      46 |       2 |   4.2
            +---------+---------+-------+---------+---------+-------
        D:1 |      53 |       4 |   7.0 |      28 |       2 |   6.7
        D:2 |      32 |       0 |   0.0 |      12 |       0 |   0.0
        D:3 |      13 |       0 |   0.0 |       6 |       0 |   0.0
            +---------+---------+-------+---------+---------+-------
